 Dungeon Crawl Stone Soup version 0.29.1 (webtiles) character file.

Game seed: 11557178951831744441

793 funnyparkerb the Slasher (level 7, -5/57 HPs)
             Began as a Merfolk Monk on Sept 13, 2022.
             Slain by a black bear (10 damage)
             ... on level 5 of the Dungeon.
             The game lasted 00:07:49 (6947 turns).

funnyparkerb the Slasher (Merfolk Monk)             Turns: 6947, Time: 00:07:50

Health: -5/57      AC:  6    Str: 11    XL:     7   Next: 88%
Magic:  7/7        EV: 10    Int: 10    God:
Gold:   205        SH:  5    Dex: 18    Spells: 6/6 levels left

rFire   . . .      SeeInvis +   a - +0 falchion
rCold   . . .      Faith    .   k - +0 buckler
rNeg    . . .      Spirit   .   h - +0 scale mail
rPois   .          Reflect  .   (no helmet)
rElec   .          Harm     .   (no cloak)
rCorr   .          Rampage  .   (no gloves)
Will    .....                   (no boots)
Stlth   +.........              (no amulet)
HPRegen 0.19/turn               t - ring of see invisible
MPRegen 0.10/turn               (no ring)

@: hasted, very quick
A: (nimble swimmer 2), mertail
a: no special abilities


You were on level 5 of the Dungeon.
You visited 1 branch of the dungeon, and saw 5 of its levels.

You collected 205 gold pieces.

Inventory:

Hand Weapons
 a - a +0 falchion (weapon)
Missiles
 q - 4 boomerangs (quivered)
Armour
 h - a +0 scale mail (worn)
 k - a +0 buckler (worn)
Jewellery
 m - an amulet of magic regeneration
 t - a ring of see invisible (left hand)
Wands
 c - a wand of paralysis (9)
Scrolls
 b - a scroll of noise {unknown}
 d - 2 scrolls of enchant armour {unknown}
 e - 4 scrolls of identify {unknown}
 j - a scroll of blinking
 l - 2 scrolls of fear {unknown}
 n - a scroll of immolation {unknown}
 p - a scroll of amnesia {unknown}
 s - a scroll of summoning {unknown}
 u - a scroll of fog {unknown}
Potions
 f - a potion of curing {unknown}
 g - a potion of invisibility {unknown}
 i - a potion of cancellation
 o - a potion of brilliance
 v - a potion of mutation {unknown}


   Skills:
 * Level 5.8 Fighting
 - Level 7.0 Long Blades
 + Level 2.0 Armour
 + Level 5.6 Dodging
 - Level 2.1 Stealth
 + Level 2.8 Shields


You had 6 spell levels left.
You didn't know any spells.
Your spell library contained the following spells:

 Spells                   Type           Power      Damage    Failure   Level
 Necrotise                Necr           0%         1d4       96%         1
 Vampiric Draining        Necr           0%         2d6       100%        3
 Olgreb's Toxic Radiance  Pois           0%         N/A       100%        4
 Agony                    Necr           0%         N/A       100%        5
 Ozocubu's Refrigeration  Ice            0%         4d7       100%        7
 Ignition                 Fire           0%         3d3       100%        8


Dungeon Overview and Level Annotations

Branches:
Dungeon (5/15)
 Temple: D:4-7

Altars:
Dithmenos
Fedhas
The Shining One

Annotations:
D:3 Grinder, Jessica


Innate Abilities, Weirdness & Mutations

((You are very nimble when in or above water. (Stealth+, EV+, Speed+++)))
Your lower body shifts to a powerful aquatic tail in water.


Message History

You hit the black bear.
The black bear is severely wounded.
You hit the black bear but do no damage.
The black bear is severely wounded.
The black bear bites you. The black bear barely misses you. x2
You hit the black bear.
The black bear is severely wounded.
The black bear goes berserk!
You hit the black bear.
The black bear is almost dead.
The black bear bites you! The black bear barely misses you.
The black bear claws you but does no damage.
The black bear barely misses you. You block the black bear's attack. x2
You are too injured to fight recklessly!
You are too injured to fight recklessly!
You are too injured to fight recklessly!
You are too injured to fight recklessly!
You hit the black bear but do no damage.
The black bear is severely wounded.
The black bear bites you.
* * * LOW HITPOINT WARNING * * *
The black bear claws you.
* * * LOW HITPOINT WARNING * * *
You block the black bear's attack.
You closely miss the black bear.
The black bear is severely wounded.
The black bear bites you!
* * * LOW HITPOINT WARNING * * *
The black bear claws you but does no damage. x2
The black bear bites you but does no damage.
The black bear closely misses you.
The black bear claws you but does no damage.
It was a potion of haste.
You feel yourself speed up. The black bear closely misses you.
The black bear claws you.
* * * LOW HITPOINT WARNING * * *
You block the black bear's attack.
Okay, then.
The black bear attacks as you move away!
The black bear bites you!
You die...

. # ......
#####. ......
...... ......#
...... .......
......
......##
..)...
###.....######
######
.....#.......#
...##
#....<@.#
....##
##..#..h...#
.....# #.
##........
.....# #
.........
.....##
#........
......###
#####....
........# ....
........# ...
........#


You could see a black bear (berserk).

Vanquished Creatures
  Duvessa (D:4)
  A water moccasin (D:5)
  A black bear (D:4)
  3 scorpions
  Dowan (D:4)
  A jelly (D:5)
  An orc priest (D:3)
  A hound (D:4)
  A gnoll (D:4)
  5 adders
  A white imp (D:5)
  3 worms
  5 dart slugs
  15 orcs
  5 ball pythons
  3 endoplasms
  8 goblins
  5 hobgoblins
  2 jackals (D:3)
  4 quokkas
  5 bats
  4 frilled lizards
  6 kobolds
  3 rats
85 creatures vanquished.

Notes
Turn   | Place    | Note
-------+----------+-------------------------------------------
     0 | D:1      | funnyparkerb the Merfolk Monk began the quest for the Orb.
     0 | D:1      | Reached XP level 1. HP: 18/18 MP: 1/1
    95 | D:1      | Reached skill level 4 in Long Blades
   231 | D:1      | Reached XP level 2. HP: 21/24 MP: 2/2
   510 | D:1      | You fall into a shaft and drop 1 floor!
   887 | D:1      | Found a faded altar of an unknown god.
  1100 | D:2      | Reached XP level 3. HP: 29/29 MP: 3/3
  1115 | D:2      | Reached skill level 5 in Long Blades
  2362 | D:2      | Reached XP level 4. HP: 6/35 MP: 4/4
  2655 | D:3      | Reached skill level 6 in Long Blades
  2796 | D:3      | Found a shadowy altar of Dithmenos.
  3348 | D:3      | Found a glowing golden altar of the Shining One.
  3359 | D:3      | Noticed Jessica
  3361 | D:3      | Noticed Grinder
  3740 | D:4      | Noticed Dowan
  3740 | D:4      | Noticed a black bear
  3741 | D:4      | Noticed Duvessa
  3776 | D:4      | Reached XP level 5. HP: 35/41 MP: 5/5
  3812 | D:4      | Found a blossoming altar of Fedhas.
  3849 | D:4      | Killed a black bear
  3850 | D:4      | Reached skill level 7 in Long Blades
  4084 | D:4      | Reached XP level 6. HP: 48/48 MP: 6/6
  4109 | D:3      | Reached skill level 1 in Shields
  5271 | D:4      | Killed Duvessa
  5272 | D:4      | Reached skill level 1 in Armour
  5281 | D:4      | Killed Dowan
  5282 | D:4      | Reached XP level 7. HP: 47/55 MP: 7/7
  5371 | D:5      | Entered Level 5 of the Dungeon
  5406 | D:5      | Reached skill level 5 in Fighting
  5406 | D:5      | Reached skill level 5 in Dodging
  6947 | D:5      | Slain by a black bear

Illustrated notes

Levels and vault maps discovered:
D:1:      nagdon_arrival_zigzag_paths, layout_basic,
          shapermc_ecumenical_altar_totnotflames, minmay_pentomino_z2
D:2:      layout_loops_corners, corexii_hall_statues_x
D:3:      layout_basic, general_overflow_altar, nicolae_overflow_crystal_walls,
          mainiacjoe_overflow_six_doors_small,
          nicolae_concentric_dashed_squares_mild, st_stairs_8, hex_tiny,
          minmay_misc_feat_ornament, uniq_grinder, uniq_jessica
D:4:      layout_loops_ring, kennysheep_mini_moat,
          cheibrodos_sewer_entry_sluice, uniq_duvessa
D:5:      layout_rooms, lemuel_crystal_altar, kennysheep_generic_room_16,
          uniq_sigmund

Skill      XL: |  1  2  3  4  5  6  7 |
---------------+----------------------+-----
Long Blades    | 4 5 6 7 |  7.0
Fighting       | 4 5 |  5.8
Shields        | 2 |  2.8
Armour         | 1 2 |  2.0
Dodging        | 5 |  5.6
Stealth        | |  2.1

Action                   |  1- 3 |  4- 6 |  7- 9 || total
-------------------------+-------+-------+-------++-------
Melee: Falchion          |   111 |   190 |    75 ||   376
       Punch             |     1 |       |       ||     1
       Tailslap          |       |     1 |       ||     1
Evoke: Wand              |       |     5 |       ||     5
  Use: Potion            |       |     1 |     4 ||     5
       Scroll            |       |     1 |       ||     1
 Stab: Sleeping          |     3 |       |       ||     3
       Paralysed         |       |    16 |       ||    16
Armor: Robe              |     4 |       |       ||     4
       Scale mail        |    35 |    65 |    28 ||   128
Dodge: Dodged            |    50 |    84 |    39 ||   173
Block: Buckler           |     8 |    30 |    31 ||    69
